 Dungeon Crawl Stone Soup version 0.27.1-34-g3ba077fa99 (webtiles) character file.

Game seed: 8621931274077214088

4898 mtoz the Thaumaturge (level 10, 0/50 HPs)
             Began as a Deep Elf Conjurer on Jan 4, 2022.
             Was a Follower of Sif Muna.
             Slain by a wyvern (11 damage)
             ... on level 7 of the Dungeon.
             The game lasted 01:21:11 (13003 turns).

mtoz the Thaumaturge (Deep Elf Conjurer)           Turns: 13003, Time: 01:21:11

Health: 0/50       AC:  2    Str:  5    XL:     10   Next: 27%
Magic:  22/26      EV: 16    Int: 26    God:    Sif Muna [*.....]
Gold:   360        SH:  0    Dex: 13    Spells: 23/29 levels left

rFire    . . .     SeeInvis .   (no weapon)
rCold    . . .     Faith    .   (no shield)
rNeg     . . .     Spirit   .   a - +0 robe
rPois    .         Reflect  .   (no helmet)
rElec    .         Harm     .   (no cloak)
rCorr    .         Rampage  .   (no gloves)
Will     ++...                  (no boots)
Stlth    ++++......             (no amulet)
HPRegen  0.16/turn              x - ring of wizardry
MPRegen  0.20/turn              q - ring of willpower

@: no status effects
A: no striking features
a: Renounce Religion, Channel Magic


You were on level 7 of the Dungeon.
You worshipped Sif Muna.
Sif Muna was aware of your devotion.
You visited 2 branches of the dungeon, and saw 9 of its levels.

You collected 360 gold pieces.

Inventory:

Missiles
 n - 3 throwing nets
Armour
 a - a +0 robe (worn)
Jewellery
 b - a +6 ring of strength
 q - a ring of willpower (right hand)
 x - a ring of wizardry (left hand)
Wands
 r - a wand of flame (29)
 t - a wand of acid (8)
 v - a wand of iceblast (9)
Scrolls
 f - a scroll of teleportation
 i - 2 scrolls of fog
 m - a scroll of magic mapping
 p - a scroll of holy word
 u - 2 scrolls of enchant weapon
 y - a scroll of enchant armour {unknown}
Potions
 c - 2 potions of magic {unknown}
 d - a potion of experience {unknown}
 e - 3 potions of mutation
 g - 3 potions of curing {unknown}
 h - 2 potions of brilliance {unknown}
 j - a potion of attraction {unknown}
 k - a potion of might {unknown}
 l - a potion of invisibility {unknown}
 o - a potion of lignification {unknown}
 s - a potion of haste {unknown}
 w - 2 potions of ambrosia {unknown}


   Skills:
 + Level 9.3 Dodging
 + Level 10.2 Stealth
 + Level 10.2 Spellcasting
 + Level 9.5 Conjurations


You had 23 spell levels left.
You knew the following spells:

 Your Spells              Type           Power      Damage    Failure   Level
a - Magic Dart            Conj           100%       1d8       1%          1
b - Searing Ray           Conj           100%       3d7       1%          2
c - Dazzling Flash        Conj/Hex       76%        N/A       1%          3

Your spell library contained the following spells:

 Spells                   Type           Power      Damage    Failure   Level
 Fulminant Prism          Conj/Hex       19%        3d11      2%          4
 Iskenderun's Mystic Bla  Conj/Tloc      38%        2d9       2%          4
 Frozen Ramparts          Ice            26%        1d4       6%          3
 Gell's Gravitas          Tloc           6%         N/A       6%          3
 Lesser Beckoning         Tloc           6%         N/A       6%          3
 Teleport Other           Tloc           13%        N/A       6%          3
 Ice Form                 Ice/Tmut       13%        N/A       17%         4
 Summon Ice Beast         Ice/Summ       13%        N/A       17%         4
 Agony                    Necr           13%        N/A       43%         5
 Silence                  Hex/Air        6%         N/A       43%         5


Dungeon Overview and Level Annotations

Branches:
Dungeon (8/15)             Temple (1/1) D:5
   Lair: D:8-11

Altars:
Ashenzari
Cheibriados
Elyvilon
Gozag
Hepliaklqana
Kikubaaqudgha
Makhleb
Okawaru
Ru
Sif Muna
Trog
Wu Jian
Xom
Yredelemnul
Zin
The Shining One

Shops:
D:4 (

Annotations:
D:5 3 runed translucent doors, vvlvvlvvl's ghost, novice BaFi


Message History

Press: ? - help, Shift-Dir - straight line The magic dart hits something but does no damage.
You climb upwards.
Reactivating autopickup.
There is a stone staircase leading down here.
You start resting.
Magic restored.
You start waiting.
Done waiting.
You see here a +4 falchion.
There is a stone staircase leading down here.
You climb downwards.
The water moccasin hisses angrily.
The wolf howls!
You hear an angry hiss.
You hear an angry growl.
The wyvern bites you!
A water moccasin comes into view.
The wyvern barely misses you.
A water moccasin comes into view.
There is a stone staircase leading up, spattered with blood here.
The water moccasin hisses angrily.
You hear an angry growl.
The wyvern misses you. The wyvern closely misses you.
You hear an angry hiss.
You climb upwards.
There is a stone staircase leading down here.
Casting: Magic Dart (safe; 1% risk of failure)
Confirm with . or Enter, or press ? or * to list all spells.
Aiming: Searing Ray (safe; 1% risk of failure)
Press: ? - help, Shift-Dir - straight line, f - wyvern
Aim: a wyvern (83% to hit)
The searing ray hits the wyvern.
The wyvern is moderately wounded. (Press . to maintain the ray.)
The wyvern completely misses you.
The searing ray hits the wyvern!
The wyvern is severely wounded.
The wyvern bites you! x2
* * * LOW HITPOINT WARNING * * *
Okay, then.
Okay, then.
The searing ray misses the wyvern.
The wyvern bites you!
You die...

#................†..[######[[
##......................)....
##............#####.........
###....(.######## #.###.....
#...###..# #.# #.....
####.####..## ###.# #..).. .##..#
#.## #...# ###..#
....#####.############.### ##.##
......[...##....@......# ##....
.######........l.......# ##.....
.........###...........# #......
.####..#.........>.....####......
.##...######.....................
###.### #...........###.......
###.# #........[.## ##......
≈≈### ###.##....## #...... .≈≈##
#..#[.#### #......


You could see a wyvern.

Vanquished Creatures
  Harold (D:7)
  2 two-headed ogres
  An acid dragon (D:7)
  Duvessa (D:6)
  2 water moccasins
  3 orc warriors
  A sky beast (D:7)
  2 ice beasts (D:6)
  A black bear (D:5)
  2 ogres
  A centaur (D:6)
  3 phantoms (D:6)
  2 bullfrogs
  A wyvern zombie (D:6)
  Dowan (D:6)
  A scorpion (D:5)
  4 wights
  A howler monkey (D:5)
  2 centaur zombies
  A lava snake (D:7)
  A jelly (D:5)
  2 orc priests
  A centaur skeleton (D:7)
  3 hounds
  7 iguanas
  7 orc wizards
  A scorpion zombie (D:5)
  A killer bee zombie (D:5)
  A hound skeleton (D:5)
  7 adders
  6 gnolls
  A white imp (D:6)
  4 ufetubi
  A worm (D:4)
  A dart slug (D:3)
  20 orcs
  7 bats
  A bat zombie (D:6)
  9 endoplasms
  5 giant cockroaches
  5 goblins
  6 hobgoblins
  7 jackals
  9 kobolds
  A quokka (D:2)
  2 ball pythons
  A frilled lizard (D:3)
  13 rats
  4 rat zombies (D:6)
167 creatures vanquished.

Vanquished Creatures (others)
  4 plants (D:8)
4 creatures vanquished.

Grand Total: 171 creatures vanquished

Notes
Turn   | Place    | Note
-------+----------+-------------------------------------------
     0 | D:1      | mtoz the Deep Elf Conjurer began the quest for the Orb.
     0 | D:1      | Reached XP level 1. HP: 10/10 MP: 6/6
   216 | D:1      | Reached XP level 2. HP: 15/15 MP: 6/8
   687 | D:1      | Learned a level 2 spell: Searing Ray
   985 | D:1      | Found a faded altar of an unknown god.
  1138 | D:2      | Found an ancient bone altar of Kikubaaqudgha.
  1223 | D:2      | Reached XP level 3. HP: 19/19 MP: 2/10
  2469 | D:3      | Found a sacrificial altar of Ru.
  2469 | D:3      | Found a white marble altar of Elyvilon.
  3080 | D:3      | Reached XP level 4. HP: 24/24 MP: 9/11
  3539 | D:3      | Reached skill level 5 in Conjurations
  3830 | D:4      | Reached XP level 5. HP: 18/28 MP: 6/13
  4379 | D:4      | Found Tolokarust's Antique Weapon Boutique.
  4458 | D:4      | Found a shimmering altar of Xom.
  4665 | D:4      | You fall into a shaft and drop 2 floors!
  4665 | D:6      | Noticed a phantom
  4675 | D:6      | Killed a phantom
  4676 | D:6      | Reached skill level 5 in Spellcasting
  4676 | D:6      | Reached XP level 6. HP: 31/32 MP: 0/15
  4996 | D:5      | Entered Level 5 of the Dungeon
  5029 | D:4      | Noticed a moth of wrath
  5035 | D:4      | Found a bloodstained altar of Trog.
  5142 | D:4      | Reached skill level 5 in Stealth
  5300 | D:5      | Found a runed translucent gate.
  5300 | D:5      | Found a runed translucent gate.
  5300 | D:5      | Found a runed translucent gate.
  5594 | D:5      | Noticed an orc warrior
  5594 | D:5      | Noticed a two-headed ogre
  5650 | D:5      | Found a staircase to the Ecumenical Temple.
  5793 | D:5      | Noticed vvlvvlvvl's ghost (novice BaFi)
  5841 | D:5      | Reached skill level 5 in Dodging
  5841 | D:5      | Reached XP level 7. HP: 36/36 MP: 12/17
  6391 | D:5      | Killed a two-headed ogre
  6392 | D:5      | Reached XP level 8. HP: 3/41 MP: 2/21
  6957 | D:5      | Found a glowing golden altar of the Shining One.
  6959 | D:5      | Noticed an angel
  6968 | D:5      | Found a basalt altar of Yredelemnul.
  7497 | D:6      | Noticed a two-headed ogre
  7517 | Temple   | Entered the Ecumenical Temple
  7609 | Temple   | Became a worshipper of Sif Muna the Loreminder
  7628 | D:5      | Learned a level 3 spell: Dazzling Flash
  8236 | D:6      | Reached XP level 9. HP: 43/45 MP: 13/23
  8544 | D:6      | Found an ancient bone altar of Kikubaaqudgha.
  8619 | D:6      | Noticed Duvessa
  8626 | D:6      | Killed Duvessa
  8626 | D:6      | Noticed Dowan
  8707 | D:6      | Killed Dowan
  9016 | D:6      | Killed a two-headed ogre
  9016 | D:6      | HP: 2/45 [centaur/arrow (9)]
  9472 | D:7      | Noticed Harold
 11496 | D:7      | Reached * piety under Sif Muna
 11861 | D:7      | Reached XP level 10. HP: 36/50 MP: 16/25
 12096 | D:7      | Killed Harold
 12097 | D:7      | Reached skill level 10 in Stealth
 12097 | D:7      | Reached skill level 10 in Spellcasting
 13003 | D:7      | Slain by a wyvern

Illustrated notes

Levels and vault maps discovered:
D:1:      shiori_arrival_oz, layout_basic, ebering_ecumenical_altar_petrified,
          kennysheep_crisscross
D:2:      layout_basic, basic_altar, hangedman_feature_mirror,
          minmay_heptomino_l4
D:3:      layout_basic, jmf_multi_god_temple
D:4:      layout_cave_pools, tgw_trog, mainiacjoe_overflow_six_doors_small,
          serial_shops, shop_statue
D:5:      kennysheep_big_flooded_room, layout_loops_ring,
          grunt_temple_overflow_holy_war, minmay_temple_entry_tees,
          gammafunk_ghost_necromancy, minivault_25
D:6:      layout_basic, lemuel_zombie_altar_kikubaaqudgha, uniq_duvessa
D:7:      layout_rooms, kennysheep_potato, uniq_harold
D:8:      layout_basic, gammafunk_temple_overflow_elements,
          minmay_lair_entry_grove, lightli_orcish_oven, uniq_pikel, uniq_grum
Temple:   dpeg_three_leaves_temple

Skill      XL: |  1  2  3  4  5  6  7  8  9 10 |
---------------+-------------------------------+-----
Stealth        | 3 4 5 7 8 9 10 | 10.2
Dodging        | 3 4 5 6 7 9 |  9.3
Spellcasting   | 4 5 7 8 9 10 | 10.2
Conjurations   | 5 6 7 9 |  9.5

Action                   |  1- 3 |  4- 6 |  7- 9 | 10-12 || total
-------------------------+-------+-------+-------+-------++-------
 Cast: Magic Dart        |    83 |    68 |    77 |    13 ||   241
       Searing Ray       |     8 |    50 |   101 |    10 ||   169
       Dazzling Flash    |       |       |     5 |       ||     5
  Use: Scroll            |     4 |       |     3 |     3 ||    10
       Potion            |       |       |     3 |     1 ||     4
Armor: Robe              |     1 |     4 |     9 |     3 ||    17
Dodge: Dodged            |     4 |    18 |    71 |    11 ||   104
